 Dungeon Sprint DCSS version 0.18-a0-1677-g2bdad6c (webtiles) character file.

11289 minicreteconcrete the Impaler (level 11, -3/96 HPs)
             Began as a Merfolk Skald on Apr 2, 2016.
             Was the Champion of Makhleb.
             Slain by a hill giant
             ... wielding a +0 giant spiked club
              (40 damage)
             ... in the Dungeon (Sprint IX: "|||||||||||||||||||||||||||||").
             The game lasted 00:13:41 (931 turns).

minicreteconcrete the Impaler (Merfolk Skald)        Turns: 931, Time: 00:13:42

Health: -3/96      AC: 11    Str: 16    XL:     11   Next: 75%
Magic:  17/22      EV: 22    Int: 14    God:    Makhleb [******]
Gold:   1500       SH:  0    Dex: 17    Spells: 5 memorised, 3 levels left

rFire  . . .     SeeInvis .     a - +2 halberd (protect)
rCold  . . .     Gourm    .     o - +0 leather armour
rNeg   . . .     Faith    .     (shield currently unavailable)
rPois  .         Spirit   .     (no helmet)
rElec  .         Dismiss  .     (no cloak)
rCorr  .         Reflect  .     q - +0 pair of gloves
SustAt .         Harm     .     D - +0 pair of boots
MR     .....     NoTele   +     (no amulet)
Stlth  ++........               s - +3 ring of intelligence
                                r - +3 ring of strength

@: regenerating (expiring), not resistant to hostile enchantments, unstealthy
A: change form in water, swift swim
a: Minor Destruction, Lesser Servant of Makhleb, Major Destruction, Greater
Servant of Makhleb, Renounce Religion


You were in the Dungeon.
You worshipped Makhleb.
Makhleb was exalted by your worship.
You were hungry.

You visited 1 branch You collected 1500 gold pieces.

Inventory:

Hand Weapons
 a - a +2 halberd of protection (weapon)
 k - a +0 glaive
 p - a +0 spear
 x - a +0 trident
Armour
 o - a +0 leather armour (worn)
 q - a +0 pair of gloves (worn)
 D - a +0 pair of boots (worn)
Magical Staves
 b - an uncursed staff of energy
Jewellery
 r - a +3 ring of strength (left hand)
 s - a +3 ring of intelligence (right hand)
Wands
 n - a wand of lightning (0/15)
Scrolls
 j - 5 scrolls of blinking
 l - 3 scrolls of remove curse
 m - 2 scrolls of amnesia
 y - a scroll of fog
 z - a scroll of fear
 A - 3 scrolls of enchant armour
Potions
 e - 7 potions of curing
 f - 2 potions of heal wounds
 g - a potion of haste
 h - 4 potions of magic
 i - a potion of invisibility
 u - a potion of brilliance
 v - a potion of resistance
 w - a potion of berserk rage
Books
 c - a book of Battle

   Spells                             Type                      Level
   a - Infusion                       Charms                       1
   b - Shroud of Golubria             Charms/Translocation         2
   c - Song of Slaying                Charms                       2
   d - Spectral Weapon                Hexes/Charms                 3
   e - Regeneration                   Charms/Necromancy            3
Comestibles
 d - 13 bread rations
 t - a slice of pizza
 B - 40 fruits
 C - 12 meat rations
 E - 7 chunks of flesh


   Skills:
 + Level 12.4 Fighting
 + Level 17.6 Polearms
 + Level 6.9 Armour
 + Level 14.1 Dodging
 - Level 1.4 Stealth
 - Level 2.0 Spellcasting
 - Level 1.2 Hexes
 - Level 12.0 Charms
 - Level 4.1 Necromancy
 * Level 14.7 Invocations
 - Level 2.0 Evocations


You had 3 spell levels left.
You knew the following spells:

 Your Spells              Type           Power        Failure   Level  Hunger
a - Infusion              Chrm           ####         1%          1    ##.....
r - Regeneration          Chrm/Necr      ###.......   3%          3    ####...
s - Spectral Weapon       Hex/Chrm       ###.....     8%          3    ####...
G - Shroud of Golubria    Chrm/Tloc      ###.......   3%          2    ###....
S - Song of Slaying       Chrm           #####...     1%          2    ###....


Dungeon Overview and Level Annotations

Branches:
Dungeon (1/1)

Altars:
Cheibriados
Dithmenos
Elyvilon
Fedhas
Gozag
Kikubaaqudgha
Makhleb
Nemelex Xobeh
Okawaru
Pakellas
Qazlal
Ru
Sif Muna
Trog
Vehumet
Xom
Yredelemnul
Zin
The Shining One
Beogh
Jiyva
Lugonu

Shops:
D =?!*


Message History

The deep troll is almost dead.
Your spectral weapon barely misses the deep troll.
You closely miss the deep troll.
The deep troll is almost dead.
Your spectral weapon barely misses the deep troll.
The deep troll bites you but does no damage.
The deep troll claws you!
* * * LOW HITPOINT WARNING * * *
The deep troll claws you.
* * * LOW HITPOINT WARNING * * *
You slash the deep troll!
You kill the deep troll!
Makhleb accepts your kill.
You feel better.
Your skin is crawling a little less now.
You slash the hill giant!
The hill giant is lightly wounded.
Your spectral weapon hits the hill giant from afar!
The hill giant hits you with a giant spiked club!!!
You die...

▓.▓.▓'▓.▓
▓.▓.▓)▓.▓$▓
▓.▓.▓.▓.▓∩▓
▓.▓.▓(▓.▓$▓
▓.▓.▓.▓.▓O▓
▓)▓.▓.▓.▓$▓
▓.▓.▓.▓.▓C▓
▓.▓.▓.▓.▓C▓
▓[▓.▓.▓.▓@▓
▓[▓.▓.▓.▓(▓
▓.▓.▓.▓.▓.▓
▓)▓.▓.▓.▓.▓
▓.▓.▓†▓.▓.▓
▓.▓.▓'▓.▓.▓
▓.▓.▓.▓.▓'▓
▓'▓.▓.▓.▓)▓
▓_▓.▓.▓.▓.▓


You could see 2 hill giants, an ogre mage and a friendly spectral halberd of
protection.

Vanquished Creatures
  A centaur warrior (D)
  An iron troll (D)
  3 deep trolls (D)
  5 hill giants (D)
  A cyclops (D)
  Joseph (D)
  A black mamba (D)
  A spiny frog (D)
  A komodo dragon (D)
  A troll (D)
  A polar bear (D)
  3 hippogriffs (D)
  A warg (D)
  A soldier ant (D)
  A water moccasin (D)
  4 porcupines (D)
  8 orc warriors (D)
  3 hell hounds (D)
  2 sky beasts (D)
  4 wolves (D)
  An ogre (D)
  2 scorpions (D)
  A killer bee (D)
  2 crimson imps (D)
  2 orc wizards (D)
  4 orc priests (D)
  2 iguanas (D)
  2 worker ants (D)
  A sheep (D)
  A shadow imp (D)
  An adder skeleton (D)
  A dart slug (D)
  5 orcs (D)
  A giant cockroach (D)
  A goblin (D)
  A giant newt (D)
  3 rats (D)
75 creatures vanquished.

Vanquished Creatures (collateral kills)
  A hydra (D)
  An orc knight (D)
  A black mamba (D)
  3 orc warriors (D)
  A giant frog (D)
  An orc priest (D)
  An orc wizard (D)
9 creatures vanquished.

Vanquished Creatures (others)
  2 spectral weapons (D)
2 creatures vanquished.

Grand Total: 86 creatures vanquished

Notes
Turn   | Place    | Note
--------------------------------------------------------------
     0 | D        | minicreteconcrete the Merfolk Skald began the quest for the Orb.
     0 | D        | Reached XP level 1. HP: 16/16 MP: 3/3
    29 | D        | Noticed a crimson imp
    29 | D        | Noticed a worker ant
    40 | D        | Killed a crimson imp
    40 | D        | Reached skill level 4 in Polearms
    40 | D        | Reached skill level 1 in Armour
    40 | D        | Reached skill level 1 in Stealth
    40 | D        | Reached skill level 5 in Charms
    40 | D        | Reached XP level 2. HP: 8/24 MP: 0/5
    40 | D        | Reached XP level 3. HP: 10/29 MP: 0/6
    48 | D        | Reached skill level 5 in Polearms
    48 | D        | Reached XP level 4. HP: 14/37 MP: 1/7
    63 | D        | Found a glowing silver altar of Zin.
    63 | D        | Found a glowing golden altar of the Shining One.
    63 | D        | Found an ancient bone altar of Kikubaaqudgha.
    63 | D        | Found a basalt altar of Yredelemnul.
    63 | D        | Found a shimmering altar of Xom.
    63 | D        | Found a radiant altar of Vehumet.
    64 | D        | Found an iron altar of Okawaru.
    65 | D        | Found a burning altar of Makhleb.
    66 | D        | Found a deep blue altar of Sif Muna.
    67 | D        | Found a bloodstained altar of Trog.
    68 | D        | Found a sparkling altar of Nemelex Xobeh.
    69 | D        | Found a white marble altar of Elyvilon.
    70 | D        | Found a roughly hewn altar of Beogh.
    71 | D        | Found a viscous altar of Jiyva.
    72 | D        | Found a corrupted altar of Lugonu.
    73 | D        | Became a worshipper of Makhleb the Destroyer
    78 | D        | Learned a level 3 spell: Regeneration
    82 | D        | Learned a level 3 spell: Spectral Weapon
    82 | D        | Found a blossoming altar of Fedhas.
    83 | D        | Found a snail-covered altar of Cheibriados.
    84 | D        | Found a shadowy altar of Dithmenos.
    85 | D        | Found a stormy altar of Qazlal.
    86 | D        | Found an opulent altar of Gozag.
    87 | D        | Found a sacrificial altar of Ru.
    88 | D        | Found an oddly glowing altar of Pakellas.
   141 | D        | Noticed an ogre
   141 | D        | Noticed a sky beast
   145 | D        | Killed a sky beast
   145 | D        | Reached skill level 6 in Polearms
   145 | D        | Reached skill level 1 in Evocations
   145 | D        | Reached XP level 5. HP: 43/43 MP: 4/8
   147 | D        | Killed an ogre
   147 | D        | Reached * piety under Makhleb
   147 | D        | Reached skill level 5 in Fighting
   147 | D        | Reached skill level 7 in Polearms
   147 | D        | Reached skill level 5 in Dodging
   147 | D        | Reached skill level 1 in Hexes
   147 | D        | Reached skill level 1 in Necromancy
   147 | D        | Reached skill level 5 in Invocations
   147 | D        | Reached XP level 6. HP: 51/51 MP: 5/9
   150 | D        | Reached skill level 8 in Polearms
   159 | D        | Reached ** piety under Makhleb
   185 | D        | Noticed a cyclops
   185 | D        | Noticed a centaur warrior
   185 | D        | Noticed a soldier ant
   185 | D        | Noticed a sky beast
   195 | D        | Killed a cyclops
   195 | D        | Reached skill level 10 in Polearms
   195 | D        | Reached XP level 7. HP: 59/59 MP: 6/13
   195 | D        | Reached *** piety under Makhleb
   202 | D        | Killed a soldier ant
   202 | D        | Reached skill level 5 in Armour
   202 | D        | Reached XP level 8. HP: 67/67 MP: 3/14
   208 | D        | Killed a centaur warrior
   208 | D        | Reached **** piety under Makhleb
   208 | D        | Reached skill level 11 in Polearms
   209 | D        | Reached skill level 10 in Invocations
   262 | D        | Noticed Joseph
   280 | D        | Killed Joseph
   280 | D        | Reached skill level 12 in Polearms
   280 | D        | Reached skill level 10 in Dodging
   280 | D        | Reached XP level 9. HP: 44/75 MP: 11/16
   341 | D        | Noticed a spiny frog
   350 | D        | Killed a spiny frog
   350 | D        | Reached ***** piety under Makhleb
   353 | D        | Noticed a komodo dragon
   367 | D        | Reached skill level 13 in Polearms
   370 | D        | Killed a komodo dragon
   407 | D        | Noticed a black mamba
   407 | D        | Noticed a polar bear
   407 | D        | Noticed a black mamba
   408 | D        | Noticed a six-headed hydra
   415 | D        | Reached ****** piety under Makhleb
   427 | D        | Killed a six-headed hydra
   427 | D        | Reached skill level 10 in Charms
   427 | D        | Reached XP level 10. HP: 36/84 MP: 18/18
   430 | D        | Killed a black mamba
   436 | D        | Reached skill level 10 in Fighting
   440 | D        | Reached skill level 14 in Polearms
   455 | D        | Killed a black mamba
   705 | D        | Reached skill level 15 in Polearms
   737 | D        | Noticed an orc knight
   758 | D        | Killed an orc knight
   776 | D        | Reached XP level 11. HP: 46/93 MP: 18/20
   846 | D        | Learned a level 2 spell: Song of Slaying
   849 | D        | Learned a level 2 spell: Shroud of Golubria
   850 | D        | Found Quixkeol's General Store.
   850 | D        | Noticed a hill giant
   850 | D        | Noticed a deep troll
   850 | D        | Noticed a deep troll
   850 | D        | Noticed a hill giant
   851 | D        | Noticed a hill giant
   857 | D        | Killed a hill giant
   863 | D        | Killed a deep troll
   863 | D        | Reached skill level 16 in Polearms
   870 | D        | Killed a deep troll
   871 | D        | Noticed a hill giant
   875 | D        | Killed a hill giant
   882 | D        | Killed a hill giant
   887 | D        | Killed a hill giant
   887 | D        | Reached skill level 17 in Polearms
   897 | D        | Found Fangik's Distillery.
   901 | D        | Found Foseroo's Magic Scroll Boutique.
   903 | D        | Noticed a hill giant
   905 | D        | Found Owipo's Jewellery Shop.
   907 | D        | Noticed an iron troll
   909 | D        | Noticed a deep troll
   912 | D        | Noticed an ogre mage
   913 | D        | Killed a hill giant
   914 | D        | Noticed a hill giant
   916 | D        | Noticed a hill giant
   924 | D        | Killed an iron troll
   930 | D        | Killed a deep troll
   931 | D        | Slain by a hill giant

Vault maps used:
D:        linesprint

Skill      XL: |  1  2  3  4  5  6  7  8  9 10 11 |
---------------+----------------------------------+-----
Charms         | 5 6 7 8 9 10 11 12 | 12.0
Fighting       | 3 4 5 6 7 8 9 11 12 | 12.4
Polearms       | 4 5 6 7 10 12 13 15 17 | 17.6
Armour         | 1 2 3 4 5 6 |  6.9
Dodging        | 2 3 4 5 7 8 10 11 13 14 | 14.1
Stealth        | 1 |  1.4
Invocations    | 3 5 8 10 11 12 14 | 14.7
Evocations     | 1 2 |  2.0
Hexes          | 1 |  1.2
Necromancy     | 1 3 4 |  4.1
Spellcasting   | |  2.0

Action                   |  1- 3 |  4- 6 |  7- 9 | 10-12 || total
-------------------------+-------+-------+-------+-------++-------
Melee: Spear             |    32 |     8 |       |       ||    40
       Halberd           |       |    26 |    53 |   172 ||   251
 Cast: Infusion          |     1 |       |       |       ||     1
       Regeneration      |       |     5 |     8 |    11 ||    24
       Spectral Weapon   |       |     2 |     3 |     9 ||    14
       Shroud of Golubri |       |       |       |     1 ||     1
Invok: Lesser Servant of |       |       |     4 |       ||     4
       Greater Servant o |       |       |       |     1 ||     1
       Major Destruction |       |       |       |     5 ||     5
Evoke: Staff of energy   |       |     9 |     5 |     4 ||    18
       Wand              |       |     2 |     5 |       ||     7
  Use: Potion            |     1 |       |     2 |       ||     3
 Stab: Sleeping          |     1 |     1 |       |       ||     2
       Distracted        |       |       |       |     5 ||     5
  Eat: Chunk             |       |       |     2 |     6 ||     8
